 Dungeon Crawl Stone Soup version 0.29-a0-666-g26d293caef (webtiles) character file.

Game seed: 1343619080365636159

104 Monzz the Poker (level 4, -1/61 HPs)
             Began as a Minotaur Berserker on June 23, 2022.
             Was a Believer of Trog.
             Slain by a gnoll
             ... wielding a +0 flail
              (8 damage)
             ... on level 2 of the Dungeon.
             The game lasted 00:07:28 (1365 turns).

Monzz the Poker (Minotaur Berserker)                Turns: 1365, Time: 00:07:29

Health: -1/61      AC:  6    Str: 22    XL:     4   Next: 52%
Magic:  3/3        EV: 10    Int:  6    God:    Trog [**....]
Gold:   33         SH:  0    Dex:  9    Spells: 3/3 levels left

rFire   . . .      SeeInvis .   a - +0 spear
rCold   . . .      Faith    .   (no shield)
rNeg    . . .      Spirit   .   j - +0 scale mail
rPois   .          Reflect  .   (helmet restricted)
rElec   .          Harm     .   (no cloak)
rCorr   .          Rampage  .   (no gloves)
Will    .....                   (no boots)
Stlth   ..........              (no amulet)
HPRegen 0.20/turn               (no ring)
MPRegen 0.08/turn               (no ring)

@: berserking, very quick
A: horns 2, retaliatory headbutt
a: Renounce Religion, Berserk, Trog's Hand


You were on level 2 of the Dungeon.
You worshipped Trog.
Trog was pleased with you.
You visited 1 branch of the dungeon, and saw 2 of its levels.

You collected 33 gold pieces.

Inventory:

Hand Weapons
 a - a +0 spear (weapon)
Armour
 b - a +0 animal skin
 j - a +0 scale mail (worn)
Scrolls
 c - a scroll of amnesia {unknown}
 f - a scroll of identify {unknown}
 g - a scroll of magic mapping {unknown}
 h - 2 scrolls of noise {unknown}
 i - a scroll of enchant weapon {unknown}
 k - a scroll of teleportation {unknown}
Potions
 d - a potion of heal wounds {unknown}
 e - a potion of experience {unknown}
 l - a potion of resistance {unknown}


   Skills:
 + Level 4.7 Fighting
 + Level 5.0 Polearms
 + Level 2.9 Armour
 + Level 2.5 Dodging
 + Level 0.6 Stealth


You had 3 spell levels left.
You didn't know any spells.
Your spell library contained the following spells:

 Spells                   Type           Power      Damage    Failure   Level
 Gell's Gravitas          Tloc           0%         N/A       98%         3
 Teleport Other           Tloc           0%         N/A       98%         3
 Dispersal                Tloc           0%         N/A       100%        6


Dungeon Overview and Level Annotations

Branches:
Dungeon (2/15)

Altars:

Shops:
D:2 :


Innate Abilities, Weirdness & Mutations

You have a pair of horns on your head.
You reflexively headbutt those who attack you in melee.


Message History

Trog accepts your kill.
Your Polearms skill increases to level 5!
Items here: )) ††.
Okay, then.
A quokka comes into view.
You reach to attack!
You hit the quokka but do no damage. You hit the quokka.
The quokka is severely wounded.
The quokka bites you but does no damage.
You hit the quokka.
You kill the quokka!
Trog accepts your kill.
A gnoll comes into view. It is wielding a +0 flail.
The gnoll shouts!
A gnoll comes into view. It is wielding a +0 spear.
The gnoll shouts!
A bat comes into view.
The bat barely misses you. The bat closely misses you.
You hit the bat. Your headbutt misses the bat.
The bat is moderately wounded.
The bat hits you but does no damage. x2
You completely miss the bat. The bat hits you. x2
You closely miss the bat. You headbutt the bat.
You kill the bat!
Trog accepts your kill.
You hit the gnoll but do no damage. The gnoll hits you with a +0 flail.
You closely miss the gnoll.
The gnoll hits you from afar with a +0 spear.
The gnoll hits you with a +0 flail!
You closely miss the gnoll. You headbutt the gnoll.
The gnoll is moderately wounded.
The gnoll hits you with a +0 flail.
* * * LOW HITPOINT WARNING * * *
The gnoll hits you from afar with a +0 spear.
* * * LOW HITPOINT WARNING * * *
A red film seems to cover your vision as you go berserk!
You feel yourself moving faster!
You feel mighty! The gnoll hits you with a +0 flail!
You die...

............∩...# #.#
#.#........#.#..########.#
#.#....................#.#
#.#....................#.#
######.#.....##..####.......#.##
................................
######..........................
########....#####.###.......#.##
.............gg@..........#.....
########....#####..######.#.#.##
#....# ##.## #.#.#.#. #.g..#
#..# #.#.#.#. #....# ##.##
#.#.#.#. .....!...).# #..#
#.#.#.#.
...........########'####.#.#.#.
........####...........#.#.#.#.
........# ...........#.#.#.#.


You could see 2 gnolls.

Vanquished Creatures
  Terence (D:2)
  2 gnolls (D:2)
  2 adders (D:2)
  A worm (D:2)
  2 dart slugs
  3 ball pythons
  2 bats (D:2)
  3 endoplasms
  3 giant cockroaches (D:1)
  5 goblins (D:1)
  2 hobgoblins (D:1)
  3 quokkas
  A frilled lizard (D:1)
  4 rats
34 creatures vanquished.

Notes
Turn   | Place    | Note
-------+----------+-------------------------------------------
     0 | D:1      | Monzz the Minotaur Berserker began the quest for the Orb.
     0 | D:1      | Reached XP level 1. HP: 19/19 MP: 0/0
    98 | D:1      | Reached XP level 2. HP: 25/27 MP: 1/1
    99 | D:1      | Reached skill level 4 in Polearms
   499 | D:1      | Found a faded altar of an unknown god.
   857 | D:2      | Found Upluriac's Book Shop.
   866 | D:2      | Reached XP level 3. HP: 33/33 MP: 2/2
   943 | D:2      | Reached ** piety under Trog
  1028 | D:2      | Noticed Terence
  1044 | D:2      | Killed Terence
  1045 | D:2      | Reached XP level 4. HP: 41/41 MP: 3/3
  1310 | D:2      | Reached skill level 5 in Polearms
  1365 | D:2      | Slain by a gnoll

Illustrated notes

Levels and vault maps discovered:
D:1:      dpeg_arrival_short_road, layout_rooms,
          hellmonk_ecumenical_altar_crossroads, minmay_ruptured
D:2:      layout_basic, serial_shops, nicolae_shop_crystal, grunt_ministairs_9,
          uniq_terence

Skill      XL: |  1  2  3  4 |
---------------+-------------+-----
Polearms       | 4 5 |  5.0
Fighting       | 4 |  4.7
Armour         | |  2.9
Dodging        | |  2.5
Stealth        | |  0.6

Action                   |  1- 3 |  4- 6 || total
-------------------------+-------+-------++-------
Melee: Spear             |    56 |    32 ||    88
       Headbutt          |     5 |     9 ||    14
Invok: Berserk           |     1 |     1 ||     2
 Stab: Sleeping          |     1 |       ||     1
Armor: Animal skin       |     3 |       ||     3
       Scale mail        |       |     7 ||     7
Dodge: Dodged            |    22 |     3 ||    25

Table legend: (Time is in decaauts)
 A = Elapsed time spent in this place.
 B = Non-inter-level travel time spent in this place.
 C = Inter-level travel time spent in this place.
 D = Time resting spent in this place.
 E = Time spent auto-exploring this place.
 F = Levels seen in this place.
 G = Mean time per level.
                   A        B        C        D        E       F      G
               +--------+--------+--------+--------+--------+-----+--------+
         Total |   1365 |   1365 |      0 |     97 |    978 |   2 |  682.5 |
       Dungeon |   1365 |   1365 |      0 |     97 |    978 |   2 |  682.5 |
               +--------+--------+--------+--------+--------+-----+--------+

Top non-repeatable levels by time:
     D:1: 844 daAuts
     D:2: 520 daAuts
